 Dungeon Crawl Stone Soup version bcrawl-1.33.1b (webtiles) character file.

Game seed: 9008673103354834543

131554 Etesian the Magician (level 3, -6/30 HPs)
             Began as an Oni Skald on Aug 25, 2021.
             Mangled by a worm (10 damage)
             ... on level 2 of the Dungeon.
             The game lasted 00:03:03 (767 turns).

Etesian the Magician (Oni Skald)                     Turns: 767, Time: 00:03:04

Health: -6/30      AC:  3    Str: 15    XL:     3   Next: 29%
Magic:  9/9        EV: 11    Int: 14    God:
Gold:   79         SH:  0    Dex: 10    Spells: 0/7 levels left

rFire    . . .     SeeInvis .   a - +0 war axe
rCold    . . .     Gourm    .   (no shield)
rNeg     . . .     Faith    .   b - +0 leather armour
rPois    .         Spirit   .   (helmet restricted)
rElec    .         Reflect  .   (no cloak)
rCorr    .         Harm     .   (no gloves)
MR       .....                  (no boots)
Stlth    +.........             (no amulet)
HPRegen  0.10/turn              (no ring)
MPRegen  0.11/turn              (no ring)

@: no status effects
A: oni magic, claws 1, fangs 1, horns 1
a: no special abilities


You were on level 2 of the Dungeon.
You were hungry.

You visited 1 branch of the dungeon, and saw 2 of its levels.

You collected 79 gold pieces.

Inventory:

Hand Weapons
 a - a +0 war axe (weapon)
Missiles
 c - 368 stones (quivered)
Armour
 b - a +0 leather armour (worn)
Scrolls
 d - a scroll of fear
 h - a scroll of immolation {unknown}
 i - a scroll of identify
 j - a scroll of amnesia {unknown}
Potions
 g - a potion of cancellation {unknown}
 k - a potion of degeneration {unknown}
Comestibles
 e - 3 rations {!d}
 f - 2 chunks of flesh


   Skills:
 + Level 2.3 Fighting
 * Level 2.7 Axes
 - Level 0.8 Armour
 - Level 1.7 Dodging
 * Level 2.8 Spellcasting
   Level 2.8 Conjurations
   Level 2.8 Hexes
   Level 2.8 Charms
   Level 2.8 Summonings
   Level 2.8 Necromancy
   Level 2.8 Translocations
   Level 2.8 Transmutations
   Level 2.8 Fire Magic
   Level 2.8 Ice Magic
   Level 2.8 Air Magic
   Level 2.8 Earth Magic
   Level 2.8 Poison Magic


You couldn't memorise any spells.
You knew the following spells:

 Your Spells              Type           Power        Failure   Level  Hunger
a - Infusion              Chrm           ##......     7%          1    None
C - Regeneration          Chrm/Necr      #.........   26%         3    ####...
E - Spectral Weapon       Hex/Chrm       #.......     26%         3    ####...

Your spell library contained the following spells:

 Spells                   Type           Power        Failure   Level  Hunger
 Song of Slaying          Chrm           ##......     11%         2    ##.....
 Flaming Arrows           Chrm/Fire      #.......     13%         2    ##.....
 Swiftness                Chrm/Air       #.......     13%         2    ##.....
 Ozocubu's Armour         Chrm/Ice       #.......     26%         3    ####...


Dungeon Overview and Level Annotations

Branches:
Dungeon (2/12)

Altars:


Innate Abilities, Weirdness & Mutations

You learn spells by gaining experience, not through books or religion.
You only train spellcasting to practice magic.
You have sharp fingernails.
You have very sharp teeth.
You have a pair of small horns on your head.


Message History

You hit the worm. You barely miss the hobgoblin.
The hobgoblin barely misses you. x2; The worm barely misses you.
Some of the chunks of flesh in your inventory have rotted away.
You slash the worm!
The worm is heavily wounded.
You hit the hobgoblin. You barely miss the hobgoblin. The hobgoblin hits you.
The hobgoblin barely misses you. The worm bites you!
You are too injured to fight recklessly!
You are too injured to fight recklessly!
You hit the hobgoblin.
You kill the hobgoblin!
You closely miss the hobgoblin. You hit the worm but do no damage.
The hobgoblin hits you.
* * * LOW HITPOINT WARNING * * *
The hobgoblin hits you.
* * * LOW HITPOINT WARNING * * *
You slash the hobgoblin!
You kill the hobgoblin!
You slash the worm! The worm bites you!
You die...

.# .# .##
..# .. .
.###...
##w......
#@.# #†##
... .....
.......
.#.....#.
..##......#
.. #......#


You could see a worm.

Vanquished Creatures
  An ooze (D:1)
  A worm (D:1)
  2 giant cockroaches (D:1)
  4 goblins (D:1)
  8 hobgoblins
  3 kobolds
  3 frilled lizards (D:1)
  2 rats (D:1)
24 creatures vanquished.

Notes
Turn   | Place    | Note
-------+----------+-------------------------------------------
     0 | D:1      | Etesian the Oni Skald began the quest for the Orb.
     0 | D:1      | Reached XP level 1. HP: 17/17 MP: 5/5
   138 | D:1      | Reached XP level 2. HP: 18/24 MP: 7/7
   558 | D:1      | Reached XP level 3. HP: 28/29 MP: 9/9
   576 | D:1      | Learned a level 3 spell: Spectral Weapon
   580 | D:1      | Learned a level 3 spell: Regeneration
   767 | D:2      | Mangled by a worm

Action                   || total
-------------------------++-------
Melee: War axe           ||    64
       Headbutt          ||    14
       Bite              ||     4
  Eat: Chunk             ||     1
Armor: Leather armour    ||    11
Dodge: Dodged            ||    40
